 Dungeon Crawl Stone Soup version 0.28-a0-1087-gf3fc490d9d (webtiles) character file.

Game seed: 16274810155447299956

5 meatgazer the Skirmisher (level 1, -13/18 HPs)
             Began as a Demonspawn Abyssal Knight on Dec 10, 2021.
             Was a Follower of Lugonu.
             Killed from afar by a hell hog (18 damage)
             ... with a fireball
             ... on level 1 of the Abyss.
             The game lasted 00:00:16 (230 turns).

meatgazer the Skirmisher (Demonspawn Abyssal Knight) Turns: 230, Time: 00:00:16

Health: -13/18     AC:  3    Str: 13    XL:     1   Next: 66%
Magic:  2/2        EV: 11    Int: 11    God:    Lugonu [*.....]
Gold:   0          SH:  0    Dex: 13    Spells: 0/0 levels left

rFire   . . .      SeeInvis .   a - +2 falchion
rCold   . . .      Faith    .   (no shield)
rNeg    . . .      Spirit   .   b - +0 leather armour
rPois   .          Reflect  .   (no helmet)
rElec   .          Harm     .   (no cloak)
rCorr   .          Rampage  .   (no gloves)
Will    .....                   (no boots)
Stlth   +.........              (no amulet)
HPRegen 0.06/turn               (no ring)
MPRegen 0.08/turn               (no ring)

@: no status effects
A: no striking features
a: Renounce Religion, Depart the Abyss


You were on level 1 of the Abyss.
You worshipped Lugonu.
Lugonu was aware of your devotion.
You visited 0 branches of the dungeon, and saw 0 of its levels.
You visited the Abyss 1 time.

Inventory:

Hand Weapons
 a - a +2 falchion (weapon)
Armour
 b - a +0 leather armour (worn)
Jewellery
 c - a ring of magical power


   Skills:
 + Level 3.0 Fighting
 + Level 1.9 Long Blades
 + Level 1.9 Armour
 + Level 1.0 Dodging
 + Level 2.6 Invocations


You couldn't memorise any spells.
You didn't know any spells.
Your spell library was empty.

Dungeon Overview and Level Annotations

Branches:
Dungeon (0/15)

Altars:


Message History

Found a whip.
An ufetubus comes into view.
As you read the scroll labelled LEQAXO GIAPS, it crumbles to dust.
It is a scroll of enchant weapon.
Your +1 falchion glows red for a moment.
The ufetubus shouts!
The ufetubus barely misses you. The ufetubus hits you.
You hit the ufetubus.
The ufetubus is lightly wounded.
The ufetubus misses you.
The ufetubus hits you but does no damage.
The ufetubus hits you. The ufetubus misses you.
You closely miss the ufetubus.
The ufetubus is lightly wounded.
The ufetubus closely misses you. The ufetubus hits you.
The ufetubus barely misses you. x2
You closely miss the ufetubus.
The ufetubus is lightly wounded.
The ufetubus hits you. x2; The ufetubus closely misses you.
The ufetubus hits you.
You completely miss the ufetubus.
The ufetubus is lightly wounded.
The ufetubus hits you but does no damage.
The ufetubus hits you.
* * * LOW HITPOINT WARNING * * *
The ufetubus hits you but does no damage.
The ufetubus misses you.
You hit the ufetubus.
You kill the ufetubus!
Your Dodging skill increases to level 1!
You start resting.
A hell hog comes into view.
A hell hog is nearby!
A hell hog is nearby!
The hell hog squeals angrily.
Found a scratched cabochon ring.
The hell hog breathes fire at you.
The fireball explodes!
The fireball engulfs you!!
Ouch! That really hurt!
You die...

# ### #....##
#... #. . .#####
.. ##.. ....# #
##.. #.## ## # #
# . #.###.# #.
## # .# . . ##
#.##### # ###
#.##
##..#.###.@#
#.#..#....#.# #
....#.##.#.#.#
##..#####h#..#..
.# #....#=##
.... ...#.. . ##
#. #.#.#.. # #..
#..##..# . # ...


You could see a hell hog (catching breath).

Vanquished Creatures
  An ufetubus (Abyss:1)
1 creature vanquished.

Notes
Turn   | Place    | Note
-------+----------+-------------------------------------------
     0 | Abyss:1  | meatgazer the Demonspawn Abyssal Knight began the quest for
                  | the Orb.
     0 | Abyss:1  | Reached XP level 1. HP: 18/18 MP: 2/2
   220 | Abyss:1  | Reached skill level 1 in Dodging
   227 | Abyss:1  | Noticed a hell hog
   230 | Abyss:1  | Killed from afar by a hell hog

Illustrated notes

Levels and vault maps discovered:
Abyss:1:  base: Temple, minivault_26, base:
Temple

Skill      XL: |  1 |
---------------+----+-----
Dodging        | 1 |  1.0
Fighting       | |  3.0
Long Blades    | |  1.9
Armour         | |  1.9
Invocations    | |  2.6

Action                   || total
-------------------------++-------
Melee: Falchion          ||     5
  Use: Scroll            ||     1
Armor: Leather armour    ||     3
Dodge: Dodged            ||     8

Table legend: (Time is in decaauts)
 A = Elapsed time spent in this place.
 B = Non-inter-level travel time spent in this place.
 C = Inter-level travel time spent in this place.
 D = Time resting spent in this place.
 E = Time spent auto-exploring this place.
 F = Levels seen in this place.
 G = Mean time per level.
                   A        B        C        D        E       F      G
               +--------+--------+--------+--------+--------+-----+--------+
         Total |    231 |    231 |      0 |      8 |    206 |   1 |  231.0 |
         Abyss |    231 |    231 |      0 |      8 |    206 |   1 |  231.0 |
               +--------+--------+--------+--------+--------+-----+--------+

Top non-repeatable levels by time:
 Abyss:1: 231 daAuts
